[ PARTIDA AOE2 · #456971622 ]
Team RMJemeres vs Britons
[ ANÁLISIS DE REPETICIÓN · EXTRAÍDO DE LA PARTIDA GRABADA ]
Feudal
12:58
Castillos
17:35
Imperial
36:02
| APM promedio | 22.6 |
| APM pico | 61 |
| eAPM promedio | 16.3 |
| Aldeanos / militares | 114 / 165 |
Foco
⚔️ 36.8% · 🌾 63.2%
Ballista Elephant ×97 · Battering Ram ×38 · Battle Elephant ×14 · Trebuchet (Packed) ×11 · Monk ×5
Feudal
11:20
Castillos
15:22
Imperial
33:41
| APM promedio | 19.3 |
| APM pico | 53 |
| eAPM promedio | 12.2 |
| Aldeanos / militares | 101 / 304 |
Foco
⚔️ 40.8% · 🌾 59.2%
Militia ×196 · Battering Ram ×44 · Ballista Elephant ×21 · Scorpion ×20 · Battle Elephant ×12 · Knight ×9
Feudal
11:57
Castillos
15:55
Imperial
33:48
| APM promedio | 24.6 |
| APM pico | 60 |
| eAPM promedio | 18.4 |
| Aldeanos / militares | 181 / 191 |
Foco
⚔️ 38.3% · 🌾 61.7%
Skirmisher ×85 · Spearman ×64 · Rattan Archer ×25 · Mangonel ×13 · Trebuchet (Packed) ×4
Feudal
11:45
Castillos
15:45
Imperial
36:30
| APM promedio | 32.0 |
| APM pico | 76 |
| eAPM promedio | 19.0 |
| Aldeanos / militares | 150 / 514 |
Foco
⚔️ 33.3% · 🌾 66.7%
Spearman ×317 · Skirmisher ×100 · Longbowman ×75 · Mangonel ×12 · Trebuchet (Packed) ×8 · Monk ×2
Mapa de la partida
Recursos al inicio + cada clic de construcción. Línea gruesa = muro · recuadro discontinuo = muro de casas detectado. 🟡 oro · ⚪ piedra · 🟢 bayas · 🔶 jabalí · ⭕ reliquia
Terreno con sombreado de elevación (luz NO: claro = ladera hacia el noroeste) · ⚠ = hueco de muro detectado
Inputs por minuto
— budinha - - petomin
Build order — budinha
Primeras 150 de 413 acciones detectadas
| 0:05 | Construir | Farm |
| 0:08 | Construir | Farm |
| 0:09 | Crear | Villager (Male) |
| 0:09 | Crear | Villager (Male) |
| 0:09 | Crear | Villager (Male) |
| 0:09 | Crear | Villager (Male) |
| 0:10 | Crear | Villager (Male) |
| 0:12 | Construir | Farm |
| 1:01 | Construir | House |
| 1:28 | Crear | Villager (Male) |
| 2:34 | Crear | Villager (Male) |
| 2:43 | Crear | Villager (Male) |
| 2:44 | Crear | Villager (Male) |
| 3:27 | Investigar | Loom |
| 3:34 | Crear | Villager (Male) |
| 3:54 | Construir | House |
| 4:00 | Crear | Villager (Male) |
| 4:25 | Crear | Villager (Male) |
| 4:25 | Crear | Villager (Male) |
| 4:26 | Crear | Villager (Male) |
| 4:26 | Crear | Villager (Male) |
| 4:48 | Construir | House |
| 4:56 | Crear | Villager (Male) |
| 5:19 | Construir | House |
| 6:08 | Construir | Farm |
| 6:12 | Crear | Villager (Male) |
| 6:12 | Crear | Villager (Male) |
| 6:12 | Crear | Villager (Male) |
| 6:14 | Crear | Villager (Male) |
| 7:00 | Construir | Lumber Camp |
| 7:24 | Crear | Villager (Male) |
| 7:24 | Crear | Villager (Male) |
| 7:24 | Crear | Villager (Male) |
| 7:26 | Crear | Villager (Male) |
| 8:35 | Construir | Mining Camp |
| 8:58 | Construir | Farm |
| 9:24 | Construir | Farm |
| 9:36 | Crear | Villager (Male) |
| 9:58 | Construir | Farm |
| 10:18 | Construir | Farm |
| 10:48 | Construir | Farm |
| 10:48 | Investigar | Feudal Age |
| 11:26 | Construir | Mill |
| 12:58 | Edad | Edad Feudal |
| 13:10 | Crear | Villager (Male) |
| 13:22 | Construir | House |
| 13:40 | Investigar | Wheelbarrow |
| 14:06 | Construir | Stable |
| 14:14 | Investigar | Castle Age |
| 15:12 | Construir | Mining Camp |
| 16:10 | Investigar | Double-Bit Axe |
| 16:49 | Crear | Villager (Male) |
| 16:50 | Crear | Villager (Male) |
| 16:51 | Crear | Villager (Male) |
| 17:01 | Construir | House |
| 17:35 | Edad | Edad de los Castillos |
| 17:55 | Construir | House |
| 18:39 | Crear | Villager (Male) |
| 19:24 | Construir | Town Center |
| 19:27 | Crear | Villager (Male) |
| 19:27 | Crear | Villager (Male) |
| 19:27 | Crear | Villager (Male) |
| 20:05 | Crear | Villager (Male) |
| 20:49 | Construir | Town Center |
| 20:50 | Crear | Villager (Male) |
| 20:50 | Crear | Villager (Male) |
| 20:55 | Crear | Villager (Male) |
| 20:55 | Crear | Villager (Male) |
| 20:57 | Crear | Villager (Male) |
| 21:02 | Construir | House |
| 21:25 | Crear | Villager (Male) |
| 21:26 | Crear | Villager (Male) |
| 21:35 | Construir | Mining Camp |
| 21:37 | Construir | House |
| 22:17 | Crear | Villager (Male) |
| 22:18 | Investigar | Hand Cart |
| 22:19 | Crear | Villager (Male) |
| 22:19 | Crear | Villager (Male) |
| 22:22 | Crear | Villager (Male) |
| 22:22 | Crear | Villager (Male) |
| 22:23 | Crear | Villager (Male) |
| 22:33 | Construir | Farm |
| 22:46 | Investigar | Husbandry |
| 22:49 | Investigar | Bloodlines |
| 22:55 | Construir | Farm |
| 23:21 | Construir | Castle |
| 23:23 | Crear | Villager (Male) |
| 23:24 | Crear | Villager (Male) |
| 23:24 | Crear | Villager (Male) |
| 23:32 | Construir | Farm |
| 23:38 | Construir | Farm |
| 23:48 | Construir | Farm |
| 23:58 | Construir | Town Center |
| 24:01 | Crear | Villager (Male) |
| 24:02 | Crear | Villager (Male) |
| 24:02 | Crear | Villager (Male) |
| 24:03 | Crear | Villager (Male) |
| 24:07 | Construir | Farm |
| 24:13 | Construir | Farm |
| 24:32 | Crear | Villager (Male) |
| 24:39 | Construir | House |
| 24:54 | Construir | Farm |
| 25:09 | Investigar | Horse Collar |
| 25:25 | Construir | Farm |
| 25:31 | Crear | Villager (Male) |
| 25:31 | Crear | Villager (Male) |
| 25:49 | Crear | Battle Elephant |
| 25:52 | Crear | Ballista Elephant |
| 25:53 | Crear | Ballista Elephant |
| 26:00 | Construir | Farm |
| 26:21 | Crear | Battle Elephant |
| 26:24 | Crear | Ballista Elephant |
| 26:32 | Crear | Villager (Male) |
| 26:32 | Crear | Villager (Male) |
| 26:33 | Crear | Villager (Male) |
| 26:38 | Construir | Farm |
| 27:11 | Crear | Ballista Elephant |
| 27:14 | Investigar | Tusk Swords |
| 27:28 | Construir | Castle |
| 27:34 | Construir | Farm |
| 27:38 | Construir | Mining Camp |
| 27:50 | Crear | Battle Elephant |
| 27:51 | Crear | Battle Elephant |
| 27:57 | Investigar | Bow Saw |
| 28:02 | Crear | Villager (Male) |
| 28:02 | Crear | Villager (Male) |
| 28:02 | Crear | Villager (Male) |
| 28:12 | Construir | Farm |
| 28:25 | Crear | Villager (Male) |
| 28:25 | Crear | Villager (Male) |
| 28:25 | Crear | Villager (Male) |
| 28:25 | Crear | Villager (Male) |
| 28:52 | Construir | Farm |
| 28:53 | Crear | Villager (Male) |
| 29:01 | Crear | Villager (Male) |
| 29:01 | Crear | Villager (Male) |
| 29:02 | Crear | Villager (Male) |
| 29:02 | Crear | Villager (Male) |
| 29:06 | Construir | Farm |
| 29:13 | Construir | Siege Workshop |
| 29:15 | Construir | Siege Workshop |
| 29:18 | Construir | Siege Workshop |
| 29:20 | Construir | Siege Workshop |
| 29:49 | Construir | Farm |
| 29:55 | Crear | Villager (Male) |
| 29:55 | Crear | Villager (Male) |
| 29:55 | Crear | Villager (Male) |
| 29:55 | Crear | Villager (Male) |
| 29:56 | Crear | Villager (Male) |
| 29:56 | Crear | Villager (Male) |
Build order — petomin
Primeras 150 de 362 acciones detectadas
| 0:02 | Crear | Villager (Male) |
| 0:03 | Crear | Villager (Male) |
| 0:03 | Crear | Villager (Male) |
| 0:05 | Construir | House |
| 0:06 | Construir | House |
| 1:13 | Crear | Villager (Male) |
| 1:29 | Crear | Villager (Male) |
| 2:03 | Crear | Villager (Male) |
| 2:34 | Crear | Villager (Male) |
| 2:47 | Crear | Villager (Male) |
| 3:01 | Crear | Villager (Male) |
| 3:24 | Construir | Lumber Camp |
| 3:28 | Crear | Villager (Male) |
| 3:28 | Crear | Villager (Male) |
| 3:42 | Construir | House |
| 3:44 | Construir | House |
| 3:48 | Crear | Villager (Male) |
| 4:57 | Crear | Villager (Male) |
| 4:58 | Crear | Villager (Male) |
| 6:06 | Construir | Mill |
| 6:10 | Crear | Villager (Male) |
| 6:10 | Crear | Villager (Male) |
| 7:01 | Crear | Villager (Male) |
| 7:01 | Crear | Villager (Male) |
| 7:35 | Crear | Villager (Male) |
| 8:06 | Crear | Villager (Male) |
| 8:20 | Construir | Mining Camp |
| 8:25 | Crear | Villager (Male) |
| 8:50 | Crear | Villager (Male) |
| 9:10 | Investigar | Feudal Age |
| 9:55 | Construir | Farm |
| 9:57 | Construir | Farm |
| 9:58 | Construir | Farm |
| 10:00 | Construir | Farm |
| 10:01 | Construir | Farm |
| 10:02 | Construir | Farm |
| 10:03 | Construir | Farm |
| 10:05 | Construir | Farm |
| 10:14 | Crear | Villager (Male) |
| 10:25 | Construir | House |
| 10:32 | Construir | House |
| 10:34 | Construir | House |
| 11:08 | Crear | Villager (Male) |
| 11:20 | Edad | Edad Feudal |
| 11:44 | Construir | Mining Camp |
| 11:47 | Crear | Villager (Male) |
| 12:42 | Investigar | Castle Age |
| 13:11 | Construir | Stable |
| 13:38 | Investigar | Stone Mining |
| 13:41 | Investigar | Gold Mining |
| 14:07 | Crear | Villager (Male) |
| 14:21 | Investigar | Double-Bit Axe |
| 15:22 | Edad | Edad de los Castillos |
| 15:34 | Construir | Town Center |
| 15:40 | Crear | Villager (Male) |
| 16:04 | Crear | Villager (Male) |
| 16:21 | Construir | Town Center |
| 16:25 | Crear | Villager (Male) |
| 16:44 | Investigar | Bow Saw |
| 17:01 | Crear | Villager (Male) |
| 17:03 | Investigar | Loom |
| 17:49 | Crear | Villager (Male) |
| 17:49 | Crear | Villager (Male) |
| 17:59 | Investigar | Horse Collar |
| 18:08 | Crear | Villager (Male) |
| 18:17 | Crear | Villager (Male) |
| 18:29 | Crear | Villager (Male) |
| 18:32 | Crear | Villager (Male) |
| 18:51 | Construir | Farm |
| 18:53 | Construir | Farm |
| 18:54 | Construir | Farm |
| 18:55 | Construir | Farm |
| 18:58 | Crear | Villager (Male) |
| 19:08 | Crear | Villager (Male) |
| 19:12 | Construir | Farm |
| 19:28 | Crear | Villager (Male) |
| 19:40 | Construir | Farm |
| 19:43 | Construir | Farm |
| 19:45 | Construir | Farm |
| 19:49 | Crear | Knight |
| 20:08 | Crear | Villager (Male) |
| 20:12 | Crear | Knight |
| 20:22 | Crear | Villager (Male) |
| 20:38 | Crear | Knight |
| 20:45 | Crear | Villager (Male) |
| 20:45 | Crear | Villager (Male) |
| 20:52 | Construir | Farm |
| 20:53 | Construir | Farm |
| 20:55 | Construir | Farm |
| 20:56 | Construir | Farm |
| 20:57 | Construir | Farm |
| 21:15 | Crear | Knight |
| 21:24 | Construir | House |
| 21:40 | Construir | Castle |
| 21:54 | Crear | Villager (Male) |
| 21:55 | Crear | Villager (Male) |
| 21:55 | Crear | Villager (Male) |
| 21:56 | Crear | Villager (Male) |
| 21:56 | Crear | Villager (Male) |
| 21:56 | Crear | Villager (Male) |
| 21:56 | Crear | Villager (Male) |
| 21:59 | Construir | House |
| 22:01 | Construir | House |
| 22:02 | Construir | House |
| 22:09 | Crear | Villager (Male) |
| 22:22 | Construir | Mining Camp |
| 22:31 | Construir | House |
| 22:33 | Construir | House |
| 22:36 | Construir | House |
| 22:37 | Construir | House |
| 22:38 | Construir | House |
| 22:39 | Construir | House |
| 22:40 | Construir | House |
| 23:02 | Crear | Villager (Male) ×5 |
| 23:09 | Construir | Siege Workshop |
| 23:18 | Construir | Mill |
| 23:27 | Crear | Villager (Male) |
| 23:33 | Investigar | Gold Shaft Mining |
| 23:40 | Crear | Villager (Male) |
| 23:49 | Crear | Battering Ram |
| 23:55 | Crear | Ballista Elephant |
| 23:55 | Crear | Ballista Elephant |
| 24:09 | Crear | Villager (Male) |
| 24:10 | Crear | Villager (Male) ×2 |
| 24:25 | Investigar | Heavy Plow |
| 24:40 | Crear | Battering Ram |
| 24:42 | Crear | Ballista Elephant |
| 24:57 | Crear | Villager (Male) ×3 |
| 25:09 | Construir | House |
| 25:11 | Construir | House |
| 25:26 | Crear | Villager (Male) ×5 |
| 25:47 | Crear | Battering Ram |
| 26:05 | Crear | Battering Ram |
| 26:08 | Crear | Ballista Elephant |
| 26:31 | Construir | Farm |
| 26:35 | Crear | Battering Ram |
| 26:53 | Crear | Villager (Male) ×5 |
| 26:58 | Construir | Farm |
| 27:15 | Crear | Ballista Elephant |
| 27:29 | Investigar | Wheelbarrow |
| 27:55 | Construir | Farm |
| 27:57 | Construir | Farm |
| 27:59 | Crear | Villager (Male) |
| 27:59 | Crear | Villager (Male) |
| 28:02 | Crear | Villager (Male) ×5 |
| 28:10 | Construir | Farm |
| 28:12 | Construir | Farm |
| 28:13 | Construir | Farm |
| 28:14 | Construir | Farm |
| 28:15 | Construir | Farm |
Build order — kivancerikci
Primeras 150 de 555 acciones detectadas
| 0:03 | Construir | House |
| 0:05 | Construir | House |
| 0:05 | Crear | Villager (Male) |
| 0:06 | Crear | Villager (Male) |
| 0:06 | Crear | Villager (Male) |
| 0:06 | Crear | Villager (Male) |
| 1:32 | Crear | Villager (Male) |
| 1:33 | Crear | Villager (Male) |
| 2:02 | Construir | Lumber Camp |
| 2:07 | Crear | Villager (Male) |
| 2:08 | Crear | Villager (Male) |
| 2:41 | Crear | Villager (Male) |
| 2:42 | Crear | Villager (Male) |
| 3:11 | Crear | Villager (Male) |
| 3:11 | Crear | Villager (Male) |
| 3:43 | Crear | Villager (Male) |
| 3:44 | Crear | Villager (Male) |
| 4:02 | Crear | Villager (Male) |
| 4:03 | Crear | Villager (Male) |
| 4:11 | Construir | Mill |
| 4:13 | Crear | Villager (Male) |
| 4:15 | Construir | House |
| 5:33 | Crear | Villager (Male) |
| 5:33 | Crear | Villager (Male) |
| 5:34 | Crear | Villager (Male) |
| 5:48 | Crear | Villager (Male) |
| 6:34 | Crear | Villager (Male) |
| 6:52 | Construir | House |
| 7:42 | Crear | Villager (Male) |
| 8:07 | Crear | Villager (Male) |
| 8:32 | Crear | Villager (Male) |
| 8:56 | Crear | Villager (Male) |
| 9:02 | Crear | Villager (Male) |
| 9:10 | Investigar | Feudal Age |
| 9:30 | Construir | Mining Camp |
| 9:45 | Construir | House |
| 10:35 | Construir | Farm |
| 11:11 | Construir | House |
| 11:30 | Crear | Villager (Male) |
| 11:36 | Construir | Barracks |
| 11:57 | Edad | Edad Feudal |
| 12:05 | Construir | Blacksmith |
| 12:10 | Construir | Market |
| 12:22 | Crear | Villager (Male) |
| 12:45 | Construir | Farm |
| 12:48 | Crear | Villager (Male) |
| 13:15 | Investigar | Castle Age |
| 13:22 | Construir | Mining Camp |
| 13:50 | Construir | Farm |
| 14:25 | Investigar | Horse Collar |
| 14:38 | Investigar | Double-Bit Axe |
| 14:51 | Construir | Farm |
| 14:52 | Construir | Farm |
| 15:05 | Construir | Farm |
| 15:18 | Construir | Farm |
| 15:25 | Construir | Lumber Camp |
| 15:36 | Crear | Villager (Male) |
| 15:55 | Edad | Edad de los Castillos |
| 16:09 | Construir | Town Center |
| 16:19 | Crear | Villager (Male) |
| 16:53 | Crear | Villager (Male) |
| 17:39 | Construir | Town Center |
| 18:01 | Crear | Villager (Male) |
| 18:05 | Crear | Villager (Male) |
| 18:27 | Construir | Farm |
| 18:29 | Crear | Villager (Male) |
| 18:34 | Crear | Villager (Male) |
| 18:38 | Crear | Villager (Male) |
| 18:54 | Construir | Farm |
| 18:58 | Investigar | Heavy Plow |
| 19:10 | Crear | Villager (Male) |
| 19:12 | Crear | Villager (Male) |
| 19:13 | Crear | Villager (Male) |
| 19:38 | Crear | Villager (Male) |
| 19:54 | Construir | Farm |
| 19:56 | Crear | Villager (Male) |
| 20:12 | Construir | Farm |
| 20:15 | Crear | Villager (Male) |
| 20:32 | Crear | Villager (Male) |
| 20:41 | Crear | Villager (Male) |
| 20:49 | Crear | Villager (Male) |
| 21:04 | Construir | House |
| 21:14 | Crear | Villager (Male) |
| 21:21 | Construir | Farm |
| 21:27 | Construir | Farm |
| 21:30 | Crear | Villager (Male) |
| 21:50 | Construir | Castle |
| 22:00 | Crear | Villager (Male) |
| 22:01 | Crear | Villager (Male) |
| 22:14 | Crear | Villager (Male) |
| 22:26 | Construir | Town Center |
| 23:18 | Crear | Villager (Male) |
| 23:25 | Crear | Villager (Male) |
| 23:26 | Crear | Villager (Male) |
| 23:37 | Crear | Villager (Male) |
| 23:47 | Construir | Farm |
| 23:48 | Construir | Farm |
| 23:48 | Construir | Farm |
| 23:48 | Construir | Farm |
| 23:49 | Construir | Farm |
| 23:49 | Construir | Farm |
| 23:49 | Construir | Farm |
| 23:51 | Construir | Farm |
| 23:54 | Crear | Villager (Male) |
| 23:55 | Crear | Villager (Male) |
| 23:58 | Crear | Villager (Male) |
| 24:27 | Construir | Siege Workshop |
| 24:29 | Crear | Villager (Male) |
| 24:32 | Crear | Villager (Male) |
| 24:45 | Crear | Rattan Archer |
| 24:48 | Crear | Villager (Male) |
| 24:50 | Crear | Villager (Male) |
| 24:50 | Crear | Villager (Male) |
| 24:52 | Crear | Villager (Male) |
| 24:55 | Construir | Farm |
| 25:22 | Crear | Villager (Male) |
| 25:28 | Crear | Villager (Male) |
| 25:32 | Construir | Farm |
| 25:35 | Construir | Farm |
| 25:39 | Crear | Villager (Male) |
| 25:41 | Crear | Villager (Male) |
| 25:44 | Crear | Villager (Male) |
| 25:49 | Construir | Farm |
| 25:50 | Construir | Farm |
| 25:51 | Crear | Villager (Male) |
| 25:52 | Crear | Villager (Male) |
| 25:57 | Crear | Mangonel |
| 26:05 | Crear | Villager (Male) |
| 26:13 | Construir | House |
| 26:24 | Crear | Villager (Male) |
| 26:27 | Crear | Villager (Male) |
| 26:28 | Crear | Villager (Male) |
| 26:30 | Crear | Villager (Male) |
| 26:46 | Construir | Farm |
| 26:49 | Investigar | Wheelbarrow |
| 26:51 | Crear | Villager (Male) |
| 27:06 | Crear | Villager (Male) |
| 27:20 | Crear | Villager (Male) |
| 27:23 | Crear | Villager (Male) |
| 27:24 | Crear | Villager (Male) |
| 27:26 | Crear | Villager (Male) |
| 27:32 | Construir | Farm |
| 27:34 | Construir | Farm |
| 27:42 | Construir | Farm |
| 27:45 | Construir | Farm |
| 27:46 | Crear | Villager (Male) |
| 27:48 | Crear | Villager (Male) |
| 27:49 | Crear | Villager (Male) |
| 27:50 | Crear | Villager (Male) |
| 27:53 | Construir | House |
Build order — Genghis Khan
Primeras 150 de 522 acciones detectadas
| 0:03 | Investigar | Loom |
| 0:03 | Crear | Villager (Male) ×4 |
| 0:07 | Construir | House |
| 0:10 | Construir | House |
| 1:27 | Crear | Villager (Male) |
| 1:27 | Crear | Villager (Male) |
| 2:13 | Crear | Villager (Male) |
| 2:13 | Crear | Villager (Male) |
| 2:31 | Crear | Villager (Male) |
| 2:31 | Crear | Villager (Male) |
| 2:31 | Crear | Villager (Male) |
| 2:42 | Construir | Lumber Camp |
| 2:48 | Crear | Villager (Male) |
| 3:31 | Crear | Villager (Male) |
| 3:31 | Crear | Villager (Male) |
| 3:45 | Crear | Villager (Male) |
| 3:46 | Crear | Villager (Male) |
| 4:11 | Construir | House |
| 5:00 | Crear | Villager (Male) |
| 5:01 | Crear | Villager (Male) |
| 5:01 | Crear | Villager (Male) |
| 5:01 | Crear | Villager (Male) |
| 6:06 | Crear | Villager (Male) |
| 6:06 | Crear | Villager (Male) |
| 6:06 | Crear | Villager (Male) |
| 6:07 | Crear | Villager (Male) |
| 6:12 | Construir | House |
| 6:44 | Crear | Villager (Male) |
| 6:44 | Crear | Villager (Male) |
| 6:45 | Crear | Villager (Male) |
| 7:37 | Construir | Mill |
| 7:45 | Crear | Villager (Male) |
| 7:45 | Crear | Villager (Male) |
| 8:32 | Construir | Mining Camp |
| 8:58 | Investigar | Feudal Age |
| 10:45 | Construir | House |
| 11:45 | Edad | Edad Feudal |
| 11:49 | Crear | Villager (Male) |
| 11:49 | Crear | Villager (Male) |
| 11:50 | Crear | Villager (Male) |
| 11:58 | Construir | Market |
| 12:10 | Construir | Blacksmith |
| 13:05 | Investigar | Castle Age |
| 13:16 | Investigar | Double-Bit Axe |
| 13:17 | Investigar | Double-Bit Axe |
| 13:33 | Investigar | Horse Collar |
| 13:42 | Construir | House |
| 13:46 | Construir | House |
| 14:02 | Construir | Farm |
| 14:02 | Construir | Farm |
| 14:03 | Construir | Farm |
| 14:15 | Construir | Farm |
| 14:16 | Construir | Farm |
| 14:26 | Construir | Farm |
| 14:43 | Construir | Farm |
| 14:50 | Construir | Farm |
| 14:58 | Construir | Farm |
| 15:09 | Construir | Farm |
| 15:21 | Construir | Farm |
| 15:45 | Edad | Edad de los Castillos |
| 15:48 | Construir | Mining Camp |
| 15:51 | Crear | Villager (Male) |
| 15:51 | Crear | Villager (Male) |
| 16:11 | Investigar | Stone Mining |
| 16:17 | Crear | Villager (Male) |
| 16:22 | Crear | Villager (Male) |
| 16:41 | Construir | House |
| 16:53 | Construir | House |
| 17:16 | Crear | Villager (Male) |
| 17:16 | Crear | Villager (Male) |
| 17:49 | Crear | Villager (Male) |
| 17:49 | Crear | Villager (Male) |
| 18:09 | Crear | Villager (Male) |
| 18:17 | Investigar | Gold Mining |
| 18:29 | Investigar | Bow Saw |
| 18:30 | Investigar | Bow Saw |
| 18:50 | Construir | Farm |
| 18:50 | Construir | Farm |
| 18:50 | Construir | Farm |
| 18:51 | Construir | Farm |
| 18:51 | Construir | Farm |
| 18:51 | Construir | Farm |
| 19:24 | Crear | Villager (Male) |
| 19:24 | Crear | Villager (Male) |
| 19:33 | Construir | Town Center |
| 19:42 | Crear | Villager (Male) |
| 20:05 | Construir | Town Center |
| 20:10 | Crear | Villager (Male) |
| 20:32 | Investigar | Heavy Plow |
| 20:32 | Investigar | Heavy Plow |
| 20:42 | Crear | Villager (Male) |
| 20:54 | Crear | Villager (Male) |
| 20:55 | Crear | Villager (Male) |
| 21:32 | Construir | Castle |
| 21:38 | Crear | Villager (Male) |
| 21:39 | Crear | Villager (Male) |
| 21:40 | Crear | Villager (Male) |
| 21:59 | Investigar | Gold Shaft Mining |
| 22:08 | Crear | Villager (Male) |
| 22:08 | Crear | Villager (Male) |
| 22:08 | Crear | Villager (Male) |
| 22:18 | Construir | Monastery |
| 22:21 | Construir | House |
| 22:21 | Construir | House |
| 22:21 | Construir | House |
| 22:22 | Construir | House |
| 22:22 | Construir | House |
| 22:23 | Construir | House |
| 22:23 | Construir | House |
| 22:25 | Construir | House |
| 22:27 | Construir | House |
| 22:28 | Construir | House |
| 22:28 | Construir | House |
| 22:28 | Construir | House |
| 22:28 | Construir | House |
| 22:29 | Construir | House |
| 22:29 | Construir | House |
| 22:29 | Construir | House |
| 22:33 | Crear | Villager (Male) |
| 22:33 | Crear | Villager (Male) |
| 22:34 | Crear | Villager (Male) |
| 22:37 | Crear | Villager (Male) |
| 22:43 | Crear | Villager (Male) |
| 22:44 | Crear | Villager (Male) |
| 22:59 | Crear | Villager (Male) |
| 23:11 | Construir | Mill |
| 23:12 | Construir | Farm |
| 23:12 | Construir | Farm |
| 23:13 | Construir | Farm |
| 23:13 | Construir | Farm |
| 23:13 | Construir | Farm |
| 23:13 | Construir | Farm |
| 23:14 | Crear | Villager (Male) |
| 23:21 | Crear | Villager (Male) |
| 23:22 | Crear | Villager (Male) |
| 23:23 | Crear | Villager (Male) |
| 23:41 | Crear | Villager (Male) |
| 23:44 | Crear | Villager (Male) |
| 23:52 | Construir | Mill |
| 23:57 | Crear | Monk |
| 23:59 | Investigar | Fervor |
| 24:11 | Construir | Barracks |
| 24:13 | Crear | Villager (Male) |
| 24:14 | Crear | Villager (Male) |
| 24:19 | Crear | Villager (Male) |
| 24:36 | Construir | Town Center |
| 24:38 | Crear | Villager (Male) |
| 24:38 | Crear | Villager (Male) |
| 25:02 | Crear | Villager (Male) |
| 25:02 | Crear | Villager (Male) |
Cronología de la partida
| 11:20 | petomin · age_up feudal |
| 11:36 | kivancerikci · first_building Barracks |
| 11:45 | Genghis Khan · age_up feudal |
| 11:57 | kivancerikci · age_up feudal |
| 12:58 | budinha · age_up feudal |
| 13:11 | petomin · first_building Stable |
| 13:31 | Genghis Khan · first_market_buy 100 food |
| 14:06 | budinha · first_building Stable |
| 14:23 | kivancerikci · first_market_buy 100 food |
| 15:22 | petomin · age_up castle |
| 15:45 | Genghis Khan · age_up castle |
| 15:55 | kivancerikci · age_up castle |
| 17:35 | budinha · age_up castle |
| 21:32 | Genghis Khan · first_building Castle |
| 21:40 | petomin · first_building Castle |
| 21:50 | kivancerikci · first_building Castle |
| 22:18 | Genghis Khan · first_building Monastery |
| 23:09 | petomin · first_building Siege Workshop |
| 23:21 | budinha · first_building Castle |
| 23:34 | kivancerikci · first_market_sell 100 wood |
| 24:11 | Genghis Khan · first_building Barracks |
| 24:27 | kivancerikci · first_building Siege Workshop |
| 28:28 | Genghis Khan · wall_segment Stone Wall x56 |
| 28:57 | Genghis Khan · first_building Siege Workshop |
| 29:13 | budinha · first_building Siege Workshop |
| 29:52 | Genghis Khan · first_building Archery Range |
| 30:27 | Genghis Khan · wall_segment Stone Wall x11 |
| 31:30 | petomin · first_building Monastery |
| 33:41 | petomin · age_up imperial |
| 33:48 | kivancerikci · age_up imperial |
| 34:07 | petomin · first_building Barracks |
| 36:02 | budinha · age_up imperial |
| 36:09 | Genghis Khan · tribute_sent a jugador 1 |
| 36:09 | Genghis Khan · tribute_sent a jugador 2 |
| 36:09 | Genghis Khan · tribute_sent a jugador 3 |
| 36:30 | Genghis Khan · age_up imperial |
| 40:04 | Genghis Khan · wall_segment Stone Wall x12 |
| 41:10 | kivancerikci · first_building Archery Range |
| 52:24 | budinha · first_market_sell 500 wood |
| 52:35 | budinha · first_market_buy 100 stone |
| 53:58 | kivancerikci · wall_segment Stone Wall x25 |
| 55:43 | kivancerikci · wall_segment Stone Wall x17 |
| 57:16 | kivancerikci · wall_segment Stone Wall x7 |
| 58:29 | budinha · first_building Monastery |
| 61:31 | Genghis Khan · resign |
| 62:20 | petomin · first_market_sell 500 food |
[ ANÁLISIS IA · 1 CRÉDITO ]
¿Qué pasó realmente en esta partida?
Wolo.gg analiza cada decisión: build order, eco, micro, errores típicos por bracket. Análisis personalizado por WhatsApp o Discord en 30 segundos.
Guía civ
Jemeres
Guía mapa
Arena
Perfil
budinha